 Dungeon Crawl Stone Soup version 0.28.0-53-g5a82cb258f (webtiles) character file.

Game seed: 12124203994750528590

18 H0rd4k the Charlatan (level 2, 0/21 HPs)
             Began as a Human Artificer on July 7, 2022.
             Succumbed to an adder's poison
             ... on level 2 of the Dungeon.
             The game lasted 00:01:03 (2335 turns).

H0rd4k the Charlatan (Human Artificer)              Turns: 2335, Time: 00:01:04

Health: 0/21       AC:  3    Str: 12    XL:     2   Next: 85%
Magic:  2/2        EV: 11    Int: 11    God:
Gold:   4          SH:  0    Dex: 13    Spells: 1/1 levels left

rFire   . . .      SeeInvis .   a - +0 club
rCold   . . .      Faith    .   (no shield)
rNeg    . . .      Spirit   .   b - +0 leather armour
rPois   .          Reflect  .   (no helmet)
rElec   .          Harm     .   (no cloak)
rCorr   .          Rampage  .   (no gloves)
Will    .....                   (no boots)
Stlth   +.........              (no amulet)
HPRegen 0.07/turn               (no ring)
MPRegen 0.08/turn               (no ring)

@: lethally poisoned (0 -> -8)
A: no striking features
a: no special abilities


You were on level 2 of the Dungeon.
You visited 1 branch of the dungeon, and saw 2 of its levels.

You collected 4 gold pieces.

Inventory:

Hand Weapons
 a - a +0 club (weapon)
Armour
 b - a +0 leather armour (worn)
Wands
 c - a wand of flame (12) (quivered)
 d - a wand of charming (12)
Scrolls
 g - a scroll of teleportation {unknown}
 h - a scroll of torment {unknown}
 i - 2 scrolls of fear {unknown}
Potions
 f - a potion of curing {unknown}
Miscellaneous
 e - a piece from Xom's chessboard (15/15)


   Skills:
 + Level 1.1 Fighting
 + Level 0.7 Maces & Flails
 - Level 2.0 Armour
 + Level 1.2 Dodging
 - Level 1.0 Stealth
 + Level 3.5 Evocations


You had one spell level left.
You didn't know any spells.
Your spell library contained the following spells:

 Spells                   Type           Power      Damage    Failure   Level
 Magic Dart               Conj           0%         1d3       41%         1
 Call Imp                 Summ           0%         N/A       56%         2
 Mephitic Cloud           Conj/Pois/Air  0%         N/A       80%         3


Dungeon Overview and Level Annotations

Branches:
Dungeon (2/15)

Altars:


Message History

The adder is moderately wounded.
The bat hits you. The adder bites you.
You are poisoned.
The adder poisons you!
The ball python bites you but does no damage.
The ball python barely misses you. The adder bites you but does no damage.
You feel sick.
You feel sick. The bat hits you but does no damage.
You feel sick. The bat completely misses you.
You feel sick. The bat hits you but does no damage.
You feel sick.
You are no longer poisoned.
The bat closely misses you. The bat hits you but does no damage.
The bat barely misses you.
Aiming: Charm
Press: ? - help, Shift-Dir - straight line, f - bat
Aim: a bat (chance to affect: 74%)
The bat is charmed.
The rat twitches its whiskers.
Unknown command.
What are your orders? t - Shout!
Orders for allies: a - Attack new target. p - Attack previous target. r - Retreat! s - Stop attacking. g - Guard the area. f - Follow me.
Anything else - Cancel.
Guard this area!
Your bat misses the adder. The adder bites your bat.
Your bat dies!
Aiming: Charm
Press: ? - help, Shift-Dir - straight line, f - adder
Aim: an adder (lightly wounded, chance to affect: 67%)
The adder struggles to resist.
The adder bites you.
* * * LOW HITPOINT WARNING * * *
You are lethally poisoned!
The adder poisons you!
Aiming: Charm
Press: ? - help, Shift-Dir - straight line, f/p - adder
Aim: an adder (lightly wounded, chance to affect: 67%)
The adder is charmed.
You die...

#..#.r# ##...## ##.##
#.K.# ##r### ##+## ## #
#K#.# ##...## #. #.#S#.#
##.....###. #.#S#.#
##.......##.
#####...@.####.........#.
.............'.........'.
#####.#...####.........#.
#.##.## ##.......### #.
### ##.....## # ##...##
##+##


You could see a ball python, 2 kobolds, a rat and a friendly adder (charmed).

Vanquished Creatures
  A dart slug (D:1)
  2 endoplasms
  A goblin (D:1)
  A hobgoblin (D:1)
  2 quokkas (D:1)
  2 ball pythons
  A bat (D:1)
  6 rats
16 creatures vanquished.

Vanquished Creatures (others)
  A bat (D:2)
1 creature vanquished.

Grand Total: 17 creatures vanquished

Notes
Turn   | Place    | Note
-------+----------+-------------------------------------------
     0 | D:1      | H0rd4k the Human Artificer began the quest for the Orb.
     0 | D:1      | Reached XP level 1. HP: 15/15 MP: 1/1
   926 | D:1      | Reached XP level 2. HP: 17/21 MP: 2/2
  2335 | D:2      | Succumbed to an adder's poison

Illustrated notes

Levels and vault maps discovered:
D:1:      nzn_arrival_crosshair, layout_basic, serial_co_window_serial,
          co_window_paths_a, co_window_paths_b, co_window_corner_a,
          co_window_paths_a, co_window_corner_a, co_window_of_opportunity_a,
          co_window_paths_a, co_window_corner_b, co_window_2corner,
          co_window_unsneaky_path_a, co_window_paths_d, glass_columns_c,
          glass_columns_b, glass_columns_a, glass_columns_c
D:2:      minmay_spotlight, layout_loops_corners,
          ebering_ecumenical_altar_abandoned

Action                   || total
-------------------------++-------
Melee: Club              ||    78
       Punch             ||     2
Evoke: Wand              ||     6
 Stab: Sleeping          ||     2
Armor: Leather armour    ||    30
Dodge: Dodged            ||    65
